 Dungeon Crawl Stone Soup version 0.28-a0-1152-g9c71ebef14 (webtiles) character file.

Game seed: 369898710873524091

37 spaghetti the Sneak (level 3, -8/27 HPs)
             Began as an Octopode Delver on Dec 14, 2021.
             Mangled by an ice beast (9 damage)
             ... on level 7 of the Dungeon.
             The game lasted 00:00:56 (557 turns).

spaghetti the Sneak (Octopode Delver)                Turns: 557, Time: 00:00:56

Health: -8/27      AC:  1    Str: 11    XL:     3   Next: 39%
Magic:  3/3        EV: 13    Int: 14    God:
Gold:   58         SH:  0    Dex: 13    Spells: 2/2 levels left

rFire   . . .      SeeInvis .   a - +0 hand axe {axe}
rCold   . . .      Faith    .   (no shield)
rNeg    . . .      Spirit   .   (helmet restricted)
rPois   .          Reflect  .   (no amulet)
rElec   .          Harm     .   (no ring)
rCorr   .          Rampage  .   (no ring)
Will    .....                   (no ring)
Stlth   ++++......              (no ring)
HPRegen 0.09/turn               (no ring)
MPRegen 0.08/turn               (no ring)
                                (no ring)
                                (no ring)

@: no status effects
A: almost no armour, amphibious, 8 rings, camouflage 1, gelatinous body 1,
(nimble swimmer 1), tentacles
a: no special abilities


You were on level 7 of the Dungeon.
You visited 1 branch of the dungeon, and saw 3 of its levels.

You collected 58 gold pieces.


Innate Abilities, Weirdness & Mutations

You cannot wear most types of armour.
You are amphibious.
You can wear up to eight rings at the same time.
Your skin changes colour to match your surroundings (Stealth+).
Your rubbery body absorbs attacks. (AC +1, EV +1)
((You are camouflaged near water. (Stealth+)))
You have tentacles for arms and can constrict up to eight enemies at once.


   Skills:
 + Level 4.3 Fighting
 - Level 2.0 Axes
 - Level 2.0 Dodging
 - Level 6.6 Stealth


You had 2 spell levels left.
You didn't know any spells.
Your spell library contained the following spells:

 Spells                   Type           Power      Damage    Failure   Level
 Apportation              Tloc           0%         N/A       28%         1
 Conjure Flame            Conj/Fire      0%         6-21      65%         3
 Ignite Poison            Fire/Tmut/Pois 0%         N/A       65%         3
 Sticky Flame             Conj/Fire      0%         2d3       96%         4
 Alistair's Intoxication  Tmut/Pois      0%         N/A       100%        5

Inventory:

Hand Weapons
 a - a +0 hand axe (weapon) {axe}
Wands
 f - a wand of digging (3)
Scrolls
 b - a scroll of fog
 c - a scroll of magic mapping {!r}
Potions
 e - a potion of haste {@q3}

Dungeon Overview and Level Annotations

Branches:
Dungeon (7/15)
 Temple: D:4-7

Altars:
Vehumet

Shops:
D:5 [

Annotations:
D:5 Sigmund

#. #.. #.#
############# #.#
#............
#.#.##............
#.#...............
#.####......<.....
#.Y......#########
#@######(# ### #.#
#.# ..# .## . ..


You could see an ice beast.


Message History

You closely miss Sigmund. You grab Sigmund. You constrict Sigmund.
Sigmund points at you and mumbles some strange words.
You are confused.
Sigmund gestures at you while chanting. The magic dart hits you. 😕 HP[-4]
You take 4 damage, and now have 23/27 hp.
Unknown command.
Unknown command.
You're too confused to move!
You constrict Sigmund.
Sigmund hits you with a +0 scythe. 😮 HP[-5]
You take 5 damage, and now have 18/27 hp.
Unknown command.
Unknown command.
You're too confused to move!
You constrict Sigmund.
Unknown command.
You release your grip on Sigmund.
Sigmund closely misses you.
You bump into the rock wall.
Sigmund says, "You will soon forget everything."
Sigmund closely misses you.
Unknown command.
You closely miss Sigmund.
You feel less confused.
Sigmund hits you from afar with a +0 scythe!
* * * LOW HITPOINT WARNING * * *
😱 HP[-13]
You take 13 damage, and now have 5/27 hp.
MASSIVE DAMAGE!! (PAUSE) Unknown command.
Okay, then.
As you read the scroll of fear, it crumbles to dust.
You assume a fearsome visage.
Sigmund looks frightened!
Sigmund mumbles some strange words.
Sigmund flickers and vanishes!
Deactivating autopickup; reactivate with Ctrl-A. 😱 HP[+1]
There is a stone staircase leading down here.
You climb downwards.
You hear the sound of rushing water.
There is an entrance to a sewer on this level.
Hurry and find it before the portal rusts away!
Reactivating autopickup.
There is a stone staircase leading up here.
Unknown command.
Unknown command.
You start resting.
You hear the slow rusting of a distant drain.
You hear the slow rusting of a distant drain.
You hear the slow rusting of a distant drain.
You hear the slow rusting of a distant drain. 😎 HP[+21]
Your hp is fully restored (27).
You now have 58 gold pieces (gained 19).
d - a cyan potion It was a potion of flight.
You feel very buoyant.
You fly up into the air.
Found a stone staircase leading down.
Okay, then.
(D) Dungeon
Where to? (? - help)
There is a stone staircase leading down here.
You fly downwards.
There is a stone staircase leading up here.
An ice beast is nearby!
Unknown command.
Unknown command.
Unknown command.
The helpless ice beast fails to defend itself.
You hit the ice beast.
You are starting to lose your buoyancy.
The ice beast barely misses you.
Unknown command.
You hit the ice beast. The ice beast hits you.
The ice beast freezes you! 😮 HP[-9]
You take 9 damage, and now have 18/27 hp.
MASSIVE DAMAGE!! (PAUSE) Unknown command.
You closely miss the ice beast. The ice beast hits you.
The ice beast freezes you!
* * * LOW HITPOINT WARNING * * *
😱 HP[-13]
You take 13 damage, and now have 5/27 hp.
MASSIVE DAMAGE!! (PAUSE) Unknown command.
Okay, then.
Okay, then.
Okay, then.
There is a stone staircase leading up here.
You float gracefully downwards. 😱 HP[+1]
Okay, then.
Unknown command.
Okay, then.
You hit the ice beast but do no damage. The ice beast barely misses you.
The ice beast hits you.
* * * LOW HITPOINT WARNING * * *
The ice beast freezes you!
You die...

Skill      XL: |  1 |
---------------+----+-----
Fighting       | 4 |  4.3
Axes           | |  2.0
Dodging        | |  2.0
Stealth        | |  6.6

Action                   || total
-------------------------++-------
Melee: Hand axe          ||    15
       Constrict         ||     3
       Tentacles         ||     2
  Use: Scroll            ||     1
       Potion            ||     1
 Stab: Sleeping          ||     2
Dodge: Dodged            ||    13

Levels and vault maps discovered:
D:5:      layout_basic, vehumet_crystals, minmay_shop_grid_forest,
          minmay_misc_feat_chi, kennysheep_crisscross, st_stairs_13,
          uniq_blork_the_orc, uniq_pikel, uniq_sigmund
D:6:      layout_loops_ring, minmay_temple_entry_mini_moons,
          cheibrodos_sewer_entry_sluice
D:7:      layout_basic, nicolae_ru_path_of_blood,
          mainiacjoe_overflow_surrounded_room, hangedman_decor_points

Notes
Turn   | Place    | Note
-------+----------+-------------------------------------------
     0 | D:5      | spaghetti the Octopode Delver began the quest for the Orb.
     0 | D:5      | Reached XP level 1. HP: 16/16 MP: 1/1
     0 | D:5      | magus.rc [v1.9.6]
     8 | D:5      | Found Rysuf's Armour Shoppe.
    23 | D:5      | You pick up a book of Party Tricks and begin reading...
    23 | D:5      | You add the spells Apportation and Alistair's Intoxication
                  | to your library.
    43 | D:5      | Noticed a hound
    51 | D:5      | Killed a hound
    52 | D:5      | Reached skill level 4 in Fighting
    52 | D:5      | Reached XP level 2. HP: 9/22 MP: 2/2
    52 | D:5      | Reached XP level 3. HP: 11/27 MP: 3/3
   233 | D:5      | Found a radiant altar of Vehumet.
   261 | D:5      | You add the spells Conjure Flame, Ignite Poison and Sticky
                  | Flame to your library.
   265 | D:5      | Noticed Sigmund
   277 | D:5      | HP: 5/27 [Sigmund (13)]
   536 | D:7      | Noticed an ice beast
   542 | D:7      | HP: 5/27 [ice beast (9)]
   557 | D:7      | HP: 1/27 [ice beast (5)]
   557 | D:7      | Mangled by an ice beast

Vanquished Creatures
  A hound (D:5)
  A shadow imp (D:5)
2 creatures vanquished.

Table legend:
 A = Non-vault XP
 B = Vault XP
 C = Vault XP percentage of total XP
 D = Non-vault monster count
 E = Vault monster count
 F = Vault count percentage of total count
                 A         B        C        D         E       F
            +---------+---------+-------+---------+---------+-------
      Total |      53 |       0 |   0.0 |       2 |       0 |   0.0
            +---------+---------+-------+---------+---------+-------
        D:5 |      53 |       0 |   0.0 |       2 |       0 |   0.0
            +---------+---------+-------+---------+---------+-------

Illustrated notes

Table legend:
 A = Kills in this place as a percentage of kills in entire the game.
 B = Kills by you in this place as a percentage of kills by you in the entire game.
 C = Kills by friends in this place as a percentage of kills by friends in the entire game.
 D = Other kills in this place as a percentage of other kills in the entire game.
 E = Experience gained in this place as a percentage of experience gained in the entire game.
 F = Experience gained in this place divided by the number of levels of this place that you have seen.
                   A       B       C       D       E      F
               +-------+-------+-------+-------+-------+----------------------
         Total | 100.0 | 100.0 |   N/A |   N/A | 100.0 |  17.7
       Dungeon | 100.0 | 100.0 |   N/A |   N/A | 100.0 |  17.7
               +-------+-------+-------+-------+-------+----------------------

Table legend: (Time is in decaauts)
 A = Elapsed time spent in this place.
 B = Non-inter-level travel time spent in this place.
 C = Inter-level travel time spent in this place.
 D = Time resting spent in this place.
 E = Time spent auto-exploring this place.
 F = Levels seen in this place.
 G = Mean time per level.
                   A        B        C        D        E       F      G
               +--------+--------+--------+--------+--------+-----+--------+
         Total |    559 |    551 |      8 |    406 |     74 |   3 |  186.3 |
       Dungeon |    559 |    551 |      8 |    406 |     74 |   3 |  186.3 |
               +--------+--------+--------+--------+--------+-----+--------+

Top non-repeatable levels by time:
     D:5: 287 daAuts
     D:6: 250 daAuts
     D:7: 21 daAuts
